TOP OF THE 1ST |
University of Georgia Bulldogs batting - Pitching for Oregon State University Beavers : RHP Felix Perez
|
Pitching: RHP Felix Perez
|
|
Batting: RHB Ivan Barrientos
|
0-0: Ball 1-0: Foul Ball, location: 2F 1-1: Foul Ball, location: 2F 1-2: Ground out 6-3 (Groundball, 6, EV 84.4 MPH)
|
Batting: RHB Patrick Pinault
|
0-0: Foul Ball, location: 2F 0-1: Ball 1-1: Foul Ball, location: 2F 1-2: Strikes out swinging
|
Batting: RHB Jeff Floyd
|
0-0: Ball 1-0: Called Strike 1-1: DOUBLE (Flyball, 89XD, EV 105.6 MPH)
|
Batting: RHB Pedro Gonzalez
|
0-0: Foul Ball, location: 2F 0-1: Ball 1-1: Swinging Strike 1-2: Foul Ball, location: 2F 1-2: Ground out 4-3 (Groundball, 4, EV 95.6 MPH)
|
Top of the 1st over - 0 runs, 1 hit, 0 errors, 1 left on base; University of Georgia 0 - Oregon State University 0 |
BOTTOM OF THE 1ST |
Oregon State University Beavers batting - Pitching for University of Georgia Bulldogs : RHP Rip Log
|
Pitching: RHP Rip Log
|
|
Batting: RHB Noel Bodkin
|
0-0: Called Strike 0-1: Fly out, F7 (Flyball, 7, EV 86.3 MPH)
|
Batting: RHB Mario Avila
|
0-0: Ball 1-0: Ground out 4-3 (Groundball, 4, EV 81.9 MPH)
|
Batting: RHB Xavier Williams
|
0-0: Ground out 4-3 (Groundball, 34, EV 78.1 MPH)
|
Bottom of the 1st over - 0 runs, 0 hits, 0 errors, 0 left on base; University of Georgia 0 - Oregon State University 0 |
TOP OF THE 2ND |
University of Georgia Bulldogs batting - Pitching for Oregon State University Beavers : RHP Felix Perez
|
Batting: RHB Homer Petropoulos
|
0-0: Foul Ball, location: 2F 0-1: Foul Ball, location: 2F 0-2: Strikes out swinging
|
Batting: RHB Armando Ramirez
|
0-0: Called Strike 0-1: Ball 1-1: Ball 2-1: SINGLE (Groundball, 4MD, EV 105.6 MPH)
|
Batting: LHB Antonio Razo
|
0-0: Fielders Choice at 2nd, 3-6 (Groundball, 3, EV 84.4 MPH)
|
Batting: LHB Jesus Huante
|
0-0: Foul Ball, location: 2F 0-1: Ball 1-1: Called Strike 1-2: Foul Ball, location: 2F 1-2: Strikes out swinging
|
Top of the 2nd over - 0 runs, 1 hit, 0 errors, 1 left on base; University of Georgia 0 - Oregon State University 0 |
BOTTOM OF THE 2ND |
Oregon State University Beavers batting - Pitching for University of Georgia Bulldogs : RHP Rip Log
|
Batting: RHB Tony Gallegos
|
0-0: Ball 1-0: Ball 2-0: Called Strike 2-1: Ball 3-1: Base on Balls
|
Batting: RHB Austin Sweetman
|
0-0: Called Strike 0-1: Called Strike 0-2: Ball 1-2: Ball 2-2: Strikes out swinging
|
Batting: LHB Borislav Draganov
|
0-0: Hit by Pitch Tony Gallegos to second
|
Batting: RHB Itocravo Arrochela
|
0-0: Foul Ball, location: 2F 0-1: Fly out, F8 (Flyball, 8RM, EV 96.3 MPH)
|
Batting: RHB Seth Fox
|
0-0: Called Strike 0-1: Swinging Strike 0-2: Ball 1-2: Strikes out swinging
|
Bottom of the 2nd over - 0 runs, 0 hits, 0 errors, 2 left on base; University of Georgia 0 - Oregon State University 0 |
TOP OF THE 3RD |
University of Georgia Bulldogs batting - Pitching for Oregon State University Beavers : RHP Felix Perez
|
Batting: RHB Mike Lassiter
|
0-0: Called Strike 0-1: Foul Ball, location: 2F 0-2: Ball 1-2: Ball 2-2: Strikes out swinging
|
Batting: RHB Ivan Barrientos
|
0-0: Swinging Strike 0-1: Foul Ball, location: 2F 0-2: Strikes out looking
|
Batting: RHB Patrick Pinault
|
0-0: Called Strike 0-1: Called Strike 0-2: Fly out, F9 (Flyball, 9S, EV 92.5 MPH)
|
Top of the 3rd over - 0 runs, 0 hits, 0 errors, 0 left on base; University of Georgia 0 - Oregon State University 0 |
BOTTOM OF THE 3RD |
Oregon State University Beavers batting - Pitching for University of Georgia Bulldogs : RHP Rip Log
|
Batting: RHB Branden Rodrigues
|
0-0: Ball 1-0: Ball 2-0: Foul Ball, location: 2F 2-1: Swinging Strike 2-2: Ball 3-2: SINGLE (Line Drive, 7LM, EV 106.3 MPH)
|
Batting: RHB Noel Bodkin
|
0-0: Ball 1-0: Ball 2-0: Called Strike 2-1: SINGLE (Groundball, 6MD, EV 96.3 MPH) Branden Rodrigues to second
|
Batting: RHB Mario Avila
|
0-0: Ball 1-0: Swinging Strike 1-1: Foul Ball, location: 2F 1-2: Foul Ball, location: 2F 1-2: Fly out, F7 (Flyball, 7, EV 81.9 MPH)
|
Batting: RHB Xavier Williams
|
0-0: Called Strike 0-1: SINGLE (Flyball, 7LS, EV 93.8 MPH) Branden Rodrigues to third Noel Bodkin to second
|
Batting: RHB Tony Gallegos
|
0-0: Called Strike 0-1: Foul Ball, location: 2F 0-2: Ball 1-2: Ball 2-2: Foul Ball, location: 2F 2-2: Fielders Choice at 2nd, 4-6 (Groundball, 4S, EV 81.3 MPH) Branden Rodrigues scores Noel Bodkin to third
|
Batting: RHB Austin Sweetman
|
0-0: Ball 1-0: Called Strike 1-1: Ball 2-1: Foul Ball, location: 2F 2-2: Ball 3-2: Base on Balls Tony Gallegos to second
|
Batting: LHB Borislav Draganov
|
0-0: Foul Ball, location: 2F 0-1: Ball 1-1: Ball 2-1: Swinging Strike 2-2: Ball 3-2: Strikes out swinging
|
Bottom of the 3rd over - 1 run, 3 hits, 0 errors, 3 left on base; University of Georgia 0 - Oregon State University 1 |
TOP OF THE 4TH |
University of Georgia Bulldogs batting - Pitching for Oregon State University Beavers : RHP Felix Perez
|
Batting: RHB Jeff Floyd
|
0-0: Ball 1-0: Called Strike 1-1: Ball 2-1: Ball 3-1: Foul Ball, location: 2F 3-2: SINGLE (Groundball, 4MD, EV 100.0 MPH)
|
Batting: RHB Pedro Gonzalez
|
0-0: Called Strike 0-1: Ball 1-1: Ball 2-1: Called Strike 2-2: Ball 3-2: Strikes out swinging
|
Batting: RHB Homer Petropoulos
|
0-0: DOUBLE (Flyball, 8LXD, EV 111.9 MPH) Jeff Floyd to third
|
Batting: RHB Armando Ramirez
|
0-0: Called Strike 0-1: Ball 1-1: DOUBLE (Line Drive, 78XD, EV 108.8 MPH) Jeff Floyd scores Homer Petropoulos scores
|
Batting: LHB Antonio Razo
|
0-0: Ball 1-0: Ball 2-0: Ball 3-0: Base on Balls
|
Batting: LHB Jesus Huante
|
0-0: Called Strike 0-1: Fly out, F9 (Flyball, 9D, EV 85.6 MPH) Runner from 2nd tags up, SAFE at 3rd, no throw by RF
|
Batting: RHB Mike Lassiter
|
0-0: Swinging Strike 0-1: Ball 1-1: Swinging Strike 1-2: Ball 2-2: Foul Ball, location: 2F 2-2: Ball 3-2: Strikes out swinging
|
Top of the 4th over - 2 runs, 3 hits, 0 errors, 2 left on base; University of Georgia 2 - Oregon State University 1 |
BOTTOM OF THE 4TH |
Oregon State University Beavers batting - Pitching for University of Georgia Bulldogs : RHP Rip Log
|
Batting: RHB Itocravo Arrochela
|
0-0: Ground out 5-3 (Groundball, 56S, EV 86.3 MPH)
|
Batting: RHB Seth Fox
|
0-0: Ball 1-0: Called Strike 1-1: Ball 2-1: Ball 3-1: Swinging Strike 3-2: Base on Balls
|
Batting: RHB Branden Rodrigues
|
0-0: SINGLE (Groundball, P, EV 86.9 MPH) (infield hit) Seth Fox to second
|
Batting: RHB Noel Bodkin
|
0-0: Foul Ball, location: 2F 0-1: Ball 1-1: Ball 2-1: Ball 3-1: Foul Ball, location: 2F 3-2: Strikes out swinging
|
Batting: RHB Mario Avila
|
0-0: Called Strike 0-1: Ball 1-1: Called Strike 1-2: Ball 2-2: Strikes out looking
|
Bottom of the 4th over - 0 runs, 1 hit, 0 errors, 2 left on base; University of Georgia 2 - Oregon State University 1 |
TOP OF THE 5TH |
University of Georgia Bulldogs batting - Pitching for Oregon State University Beavers : RHP Felix Perez
|
Pitching: RHP Joe Catron
|
|
Batting: RHB Ivan Barrientos
|
0-0: Ball 1-0: Called Strike 1-1: Ball 2-1: Foul Ball, location: 2F 2-2: Foul Ball, location: 2F 2-2: Ball 3-2: Foul Ball, location: 2F 3-2: Strikes out swinging
|
Batting: RHB Patrick Pinault
|
0-0: Ball 1-0: Swinging Strike 1-1: Called Strike 1-2: Ball 2-2: Ball 3-2: Base on Balls
|
Batting: RHB Jeff Floyd
|
0-0: Ball 1-0: Ball 2-0: Called Strike 2-1: DOUBLE (Line Drive, 89M, EV 111.3 MPH) Patrick Pinault to third Runner from 3rd tries for Home, SAFE, throw by RF to home
|
Batting: RHB Pedro Gonzalez
|
0-0: Ball 1-0: SINGLE (Groundball, 34D, EV 95.6 MPH) Jeff Floyd to third Runner from 3rd tries for Home, SAFE, throw by RF to home
|
Batting: RHB Homer Petropoulos
|
0-0: Ball 1-0: Ball 2-0: Fly out, F9 (Flyball, 9LS, EV 86.3 MPH)
|
Batting: RHB Armando Ramirez
|
0-0: Ball 1-0: Called Strike 1-1: Ball 2-1: Ball 3-1: Called Strike 3-2: Base on Balls Pedro Gonzalez to second
|
Batting: LHB Antonio Razo
|
0-0: Called Strike 0-1: Ball 1-1: Swinging Strike 1-2: Foul Ball, location: 2F 1-2: Foul Ball, location: 2F 1-2: Strikes out looking
|
Top of the 5th over - 2 runs, 2 hits, 0 errors, 2 left on base; University of Georgia 4 - Oregon State University 1 |
BOTTOM OF THE 5TH |
Oregon State University Beavers batting - Pitching for University of Georgia Bulldogs : RHP Rip Log
|
Pitching: RHP Hisanobu Hayashi
|
|
Batting: RHB Xavier Williams
|
0-0: Ball 1-0: Ball 2-0: Foul Ball, location: 2F 2-1: Ball 3-1: Swinging Strike 3-2: Base on Balls
|
Batting: RHB Tony Gallegos
|
0-0: SINGLE (Line Drive, 89S, EV 109.4 MPH) Xavier Williams to second
|
Batting: RHB Austin Sweetman
|
0-0: Ball 1-0: Ball 2-0: Ball 3-0: Base on Balls Xavier Williams to third Tony Gallegos to second
|
Pinch Hitting: SHB Tommy Lamb
|
0-0: Swinging Strike 0-1: DOUBLE (Line Drive, 7LS, EV 113.1 MPH) Xavier Williams scores Tony Gallegos scores Austin Sweetman to third
|
Pinch Hitting: RHB Bob Goodman
|
0-0: Called Strike 0-1: Fly out, F9 (Flyball, 9S, EV 71.9 MPH)
|
Pinch Hitting: LHB Edwin Bautista
|
0-0: Ball 1-0: Swinging Strike 1-1: Ball 2-1: Swinging Strike 2-2: Strikes out swinging
|
Pinch Hitting: RHB Angel Alvarado
|
0-0: Ground out U3 (Groundball, 13, EV 89.4 MPH)
|
Bottom of the 5th over - 2 runs, 2 hits, 0 errors, 2 left on base; University of Georgia 4 - Oregon State University 3 |
TOP OF THE 6TH |
University of Georgia Bulldogs batting - Pitching for Oregon State University Beavers : RHP Joe Catron
|
Now at 2B: Tommy Lamb
|
|
Now in LF: Bob Goodman
|
|
Now in CF: Angel Acevedo
|
|
Now in RF: Justin Chapin
|
|
Batting: LHB Jesus Huante
|
0-0: Ground out 3-1 (Groundball, 34, EV 86.9 MPH)
|
Batting: RHB Mike Lassiter
|
0-0: Ball 1-0: Foul Ball, location: 2F 1-1: Ball 2-1: Foul Ball, location: 2F 2-2: Strikes out swinging
|
Pinch Hitting: RHB Jesus Alaniz
|
0-0: Called Strike 0-1: Ball 1-1: Ball 2-1: Foul Ball, location: 2F 2-2: Ball 3-2: SINGLE (Groundball, 6S, EV 64.4 MPH) (infield hit)
|
Pinch Hitting: RHB Luis Chavez
|
0-0: Ball 1-0: Called Strike Jesus Alaniz steals 2nd base 1-1: Foul Ball, location: 2F 1-2: Foul Ball, location: 2F 1-2: Ball 2-2: Ball 3-2: Base on Balls
|
Batting: LHB William Pena
|
0-0: Called Strike 0-1: Called Strike 0-2: Foul Ball, location: 2F 0-2: Ball 1-2: Strikes out swinging
|
Top of the 6th over - 0 runs, 1 hit, 0 errors, 2 left on base; University of Georgia 4 - Oregon State University 3 |
BOTTOM OF THE 6TH |
Oregon State University Beavers batting - Pitching for University of Georgia Bulldogs : RHP Hisanobu Hayashi
|
Now at 2B: Hector Quiroz
|
|
Now in CF: Zack Flater
|
|
Pinch Hitting: LHB Carlos Magana
|
0-0: Foul Ball, location: 2F 0-1: Ball 1-1: Ground out 6-3 (Groundball, 4MS, EV 86.3 MPH)
|
Batting: RHB Tatsuya Watanabe
|
0-0: Bunted foul 0-1: TRIPLE (Flyball, 78XD, EV 96.9 MPH)
|
Pinch Hitting: RHB Willem Urry
|
0-0: Hit by Pitch
|
Batting: RHB Tony Gallegos
|
0-0: Called Strike 0-1: Ball 1-1: Foul Ball, location: 2F 1-2: Strikes out looking
|
Batting: RHB Austin Sweetman
|
0-0: DOUBLE (Line Drive, 9LS, EV 102.5 MPH) Tatsuya Watanabe scores Willem Urry to third
|
Pitching: RHP Nick Ehrlich
|
|
Batting: SHB Tommy Lamb
|
0-0: Ball 1-0: Ball 2-0: Hit by Pitch
|
Batting: RHB Bob Goodman
|
0-0: Ball 1-0: Called Strike 1-1: Fielders Choice at 2nd, 5-4 (Groundball, 56, EV 101.9 MPH)
|
Bottom of the 6th over - 1 run, 2 hits, 0 errors, 3 left on base; University of Georgia 4 - Oregon State University 4 |
TOP OF THE 7TH |
University of Georgia Bulldogs batting - Pitching for Oregon State University Beavers : RHP Joe Catron
|
Pitching: LHP Bobby Shaw
|
|
Now at 1B: Carlos Martinez
|
|
Now at SS: Antonio Hernandez
|
|
Batting: RHB Pedro Gonzalez
|
0-0: Swinging Strike 0-1: Swinging Strike 0-2: Foul Ball, location: 2F 0-2: Ball 1-2: Strikes out looking
|
Pinch Hitting: RHB Giorgi Bezhanishvili
|
0-0: Ball 1-0: Ball 2-0: Ball 3-0: Called Strike 3-1: Fly out, F8 (Flyball, 8RD, EV 81.9 MPH)
|
Batting: RHB Armando Ramirez
|
0-0: Fly out, F9 (Flyball, 9D, EV 104.4 MPH)
|
Top of the 7th over - 0 runs, 0 hits, 0 errors, 0 left on base; University of Georgia 4 - Oregon State University 4 |
BOTTOM OF THE 7TH |
Oregon State University Beavers batting - Pitching for University of Georgia Bulldogs : RHP Nick Ehrlich
|
Now in RF: Giorgi Bezhanishvili
|
|
Batting: RHB Angel Acevedo
|
0-0: Called Strike 0-1: Swinging Strike 0-2: Foul Ball, location: 2F 0-2: Foul Ball, location: 2F 0-2: Strikes out swinging
|
Batting: RHB Justin Chapin
|
0-0: Ball 1-0: Called Strike 1-1: Ball 2-1: Swinging Strike 2-2: Ball 3-2: Strikes out swinging
|
Batting: LHB Carlos Martinez
|
0-0: Called Strike 0-1: Ball 1-1: Foul Ball, location: 2F 1-2: Ball 2-2: Strikes out looking
|
Bottom of the 7th over - 0 runs, 0 hits, 0 errors, 0 left on base; University of Georgia 4 - Oregon State University 4 |
TOP OF THE 8TH |
University of Georgia Bulldogs batting - Pitching for Oregon State University Beavers : LHP Bobby Shaw
|
Pinch Hitting: RHB Kevin Paul
|
0-0: Called Strike 0-1: Swinging Strike 0-2: Strikes out looking
|
Pinch Hitting: RHB Jose Garibay
|
0-0: Ground out 6-3 (Groundball, 6, EV 105.6 MPH)
|
Batting: RHB Mike Lassiter
|
0-0: Called Strike 0-1: DOUBLE (Line Drive, 89M, EV 88.1 MPH)
|
Batting: SHB Zack Flater
|
0-0: Reached on error, E6 (Groundball, 6, EV 82.5 MPH) Mike Lassiter scores
|
Batting: SHB Hector Quiroz
|
0-0: Fly out, F8 (Flyball, 8RS, EV 83.8 MPH)
|
Top of the 8th over - 1 run, 1 hit, 1 error, 1 left on base; University of Georgia 5 - Oregon State University 4 |
BOTTOM OF THE 8TH |
Oregon State University Beavers batting - Pitching for University of Georgia Bulldogs : RHP Nick Ehrlich
|
Pitching: RHP Koichi Endo
|
|
Now at 1B: Justin Daley
|
|
Now in LF: Mitsujiro Tanaka
|
|
Batting: RHB Carlomaria Murrone
|
0-0: Ball 1-0: Fly out, F9 (Flyball, 9LM, EV 88.8 MPH)
|
Batting: RHB Antonio Hernandez
|
0-0: Fly out, F8 (Flyball, 8LS, EV 85.6 MPH)
|
Pinch Hitting: RHB Ivan Ramirez
|
0-0: Called Strike 0-1: Fly out, F7 (Flyball, 7LS, EV 92.5 MPH)
|
Bottom of the 8th over - 0 runs, 0 hits, 0 errors, 0 left on base; University of Georgia 5 - Oregon State University 4 |
TOP OF THE 9TH |
University of Georgia Bulldogs batting - Pitching for Oregon State University Beavers : LHP Bobby Shaw
|
Now at 3B: Ivan Ramirez
|
|
Batting: RHB Doug Makwangwala
|
0-0: Foul Ball, location: 2F 0-1: Foul Ball, location: 2F 0-2: Foul Ball, location: 2F 0-2: Ball 1-2: Ball 2-2: Ball 3-2: Foul Ball, location: 2F 3-2: Foul Ball, location: 2F 3-2: DOUBLE (Groundball, 5L, EV 106.9 MPH)
|
Batting: RHB Pedro Gonzalez
|
0-0: Intentional Walk
|
Pinch Runner at 2nd Francisco Duarte:
|
|
Batting: RHB Giorgi Bezhanishvili
|
0-0: Fielders Choice at 2nd, 5-4 (Groundball, 56S, EV 76.9 MPH) Francisco Duarte to third
|
Pinch Hitting: RHB Jason Parrish
|
0-0: Ball 1-0: Ball 2-0: Reached on error, E6 (Groundball, 6M, EV 80.6 MPH) Francisco Duarte scores Giorgi Bezhanishvili to second
|
Batting: LHB Justin Daley
|
0-0: DOUBLE (Flyball, 89XD, EV 100.0 MPH) Giorgi Bezhanishvili scores Jason Parrish to third
|
Pinch Hitting: LHB Mike Holland
|
0-0: Intentional Walk
|
Pitching: RHP John Brooks
|
|
Batting: RHB Mike Lassiter
|
0-0: Ball 1-0: Foul Ball, location: 2F 1-1: Grounds into double play, 6-2-3 (Groundball, P, EV 89.4 MPH)
|
Top of the 9th over - 2 runs, 2 hits, 1 error, 2 left on base; University of Georgia 7 - Oregon State University 4 |
BOTTOM OF THE 9TH |
Oregon State University Beavers batting - Pitching for University of Georgia Bulldogs : RHP Koichi Endo
|
Pitching: RHP Joe Underhill
|
|
Now at 3B: Rafael Pereda
|
|
Now in LF: Iestyn Peacock
|
|
Pinch Hitting: RHB Victor Martinez
|
0-0: Swinging Strike 0-1: Ball 1-1: Foul Ball, location: 2F 1-2: Strikes out swinging
|
Batting: SHB Tommy Lamb
|
0-0: Ball 1-0: Ball 2-0: Swinging Strike 2-1: Reached on error, E4 (Groundball, 4S, EV 70.0 MPH)
|
Batting: RHB Bob Goodman
|
0-0: Foul Ball, location: 2F 0-1: Swinging Strike 0-2: Strikes out swinging
|
Batting: RHB Angel Acevedo
|
0-0: Ball 1-0: Fielders Choice at 2nd, 6-4 (Groundball, 56, EV 81.9 MPH)
|
Bottom of the 9th over - 0 runs, 0 hits, 1 error, 1 left on base; University of Georgia 7 - Oregon State University 4 |
|